AoeStats
← Dr_DanglePeen_AD

African Clearing

504637844Analyzed
4v4 RM · 25d ago on Sep 6, 2026· 48m 2s· 8 players
Game mode
Random Map
Map size
Large (8 player)
Population
200
Speed
Normal
Resources
Standard
Victory
Conquest
Starting age
Dark Age
Ending age
Imperial Age
RankedLock teamsTeams togetherTeam positionsShared explorationLock speedFull tech treeHidden civsTurbo modeCheats
Victory
Defeat
🇺🇸 Vikings · United States
1450
+11
🇺🇸 Koreans · United States
1289
+18
🇨🇦 Huns · Canada
1247
+19
🇺🇸 Turks · United States
1179
+21
🇺🇸 Celts · United States
1411
-21
🇨🇱 Wu · Chile
1347
-18
🇨🇱 Hindustanis · Chile
1344
-18
🇺🇸 Japanese · United States
1200
-12
DLonger7
6:58 Loom
12:33 Feudal Age
13:41 Double-Bit Axe
15:23 Fletching
21:16 Gold Mining
24:43 Castle Age
23:43 Stone Mining
25:05 Crossbowman
25:41 Bodkin Arrow
28:11 Bow Saw
37:26 Wheelbarrow
42:21 Imperial Age
40:22 Ballistics
41:49 Hand Cart
42:22 Husbandry
43:45 Conscription
43:07 Arbalester
44:53 Thumb Ring
44:49 Bracer
Veloester
3:55 Loom
13:11 Feudal Age
17:51 Castle Age
17:55 Bloodlines
17:53 Scale Barding Armor
27:42 Double-Bit Axe
27:52 Horse Collar
32:08 Husbandry
33:32 Wheelbarrow
34:46 Chain Barding Armor
35:42 Forging
37:34 Iron Casting
39:51 Light Cavalry
43:48 Imperial Age
43:16 Fletching
43:50 Cavalier
45:26 Plate Barding Armor
45:23 Conscription
45:59 Hussar
47:28 Hand Cart
Dr_DanglePeen_AD
15:04 Feudal Age
16:37 Loom
17:22 Scale Barding Armor
18:12 Bloodlines
23:48 Castle Age
25:46 Double-Bit Axe
26:46 Bow Saw
26:20 Horse Collar
29:08 Wheelbarrow
31:52 Heavy Plow
33:25 Husbandry
34:32 Chain Barding Armor
40:59 Imperial Age
42:21 Plate Barding Armor
41:56 Forging
42:23 Ballistics
45:10 Conscription
jimmythicks
9:38 Loom
13:35 Feudal Age
19:26 Castle Age
33:32 Imperial Age
31:55 Stone Mining
31:59 Gold Mining
33:53 Scale Mail Armor
34:03 Forging
33:57 Squires
36:20 Iron Casting
36:59 Chain Mail Armor
39:48 Capped Ram
41:11 Plate Mail Armor
41:42 Blast Furnace
[BY] Saimon845
11:10 Loom
14:34 Feudal Age
15:40 Double-Bit Axe
18:16 Castle Age
17:42 Scale Mail Armor
19:43 Chain Mail Armor
19:39 Forging
21:37 Pikeman
25:53 Horse Collar
28:31 Iron Casting
30:38 Town Watch
31:32 Wheelbarrow
32:13 Guard Tower
32:44 Ballistics
33:07 Hand Cart
33:46 Fletching
33:57 Padded Archer Armor
34:22 Squires
39:56 Imperial Age
38:57 Bodkin Arrow
39:17 Leather Archer Armor
39:05 Gold Mining
40:03 Masonry
41:23 Conscription
43:43 Architecture
44:51 Chemistry
[BY] Blopa
8:20 Loom
13:12 Feudal Age
13:44 Double-Bit Axe
20:51 Castle Age
21:26 Pikeman
26:45 Fletching
30:43 Crossbowman
33:01 Bodkin Arrow
33:06 Padded Archer Armor
33:12 Town Watch
43:36 Imperial Age
45:40 Bracer
[BY] Miguel23
4:00 Loom
12:39 Feudal Age
13:53 Double-Bit Axe
16:14 Forging
17:33 Scale Barding Armor
27:16 Castle Age
26:41 Bloodlines
26:32 Gold Mining
29:26 Horse Collar
30:07 Scale Mail Armor
32:12 Chain Mail Armor
33:23 Squires
34:03 Town Watch
38:56 Wheelbarrow
43:35 Imperial Age
43:54 Husbandry
46:36 Chain Barding Armor
[BY] damilongi
10:12 Loom
12:15 Feudal Age
13:47 Double-Bit Axe
16:40 Castle Age
14:49 Double-Bit Axe
16:38 Gold Mining
17:40 Bow Saw
26:45 Horse Collar
27:43 Wheelbarrow
30:12 Stone Mining
30:58 Stone Mining
34:18 Heavy Plow
35:20 Hand Cart
38:36 Imperial Age
36:53 Scale Mail Armor
37:13 Forging
37:45 Fletching
39:02 Bodkin Arrow
39:23 Chain Mail Armor
39:43 Iron Casting
38:34 Man-at-Arms
39:39 Long Swordsman
40:05 Gambesons
40:29 Two-Handed Swordsman
42:07 Conscription
41:18 Champion
41:46 Arson
43:22 Plate Mail Armor
43:16 Ballistics
44:36 Iron Casting
46:32 Blast Furnace
Connection lost

Rejoining the realm…

Still unreachable

The connection could not be restored.

Session expired

The server has moved on; the page needs a fresh start.